 Dungeon Crawl Stone Soup version 0.22-a0-348-gd16d139 (webtiles) character file.

3529 galech the Grappler (level 9, 0/93 HPs)
             Began as a Troll Monk on Apr 11, 2018.
             Was a Priest of Okawaru.
             Slain by a hippogriff (3 damage)
             ... on level 7 of the Dungeon.
             The game lasted 00:07:58 (5663 turns).

galech the Grappler (Troll Monk)                    Turns: 5663, Time: 00:07:59

Health: 0/93       AC:  5    Str: 24    XL:     9   Next: 82%
Magic:  6/8        EV: 16    Int:  6    God:    Okawaru [***...]
Gold:   500        SH:  0    Dex: 12    Spells: 8/8 levels left

rFire    . . .     SeeInvis .     - Unarmed
rCold    + . .     Gourm    +   (no shield)
rNeg     . . .     Faith    .   a - +0 robe
rPois    .         Spirit   .   (helmet restricted)
rElec    .         Reflect  .   (no cloak)
rCorr    .         Harm     .   (gloves unavailable)
MR       .....                  (boots unavailable)
Stlth    ++++......             (no amulet)
HPRegen  0.65/turn              w - ring of stealth
MPRegen  0.11/turn              t - ring of protection from cold

@: heroism
A: large, unfitting armour, claws 3, fast metabolism 3, gourmand, regeneration
1, shaggy fur 1, tough skin 2
a: Heroism, Renounce Religion


You were on level 7 of the Dungeon.
You worshipped Okawaru.
Okawaru was most pleased with you.
You were very full.

You visited 2 branches of the dungeon, and saw 9 of its levels.

You collected 500 gold pieces.

Inventory:

Armour
 a - a +0 robe (worn)
Jewellery
 t - a ring of protection from cold (right claw)
 w - a ring of stealth (left claw)
 x - a +4 ring of intelligence
 C - an uncursed ring of magical power
Wands
 q - a wand of iceblast (9)
 y - a wand of disintegration (8)
Scrolls
 d - 7 scrolls of random uselessness {unknown}
 e - 2 scrolls of magic mapping {unknown}
 f - 6 scrolls of remove curse {unknown}
 i - 7 scrolls of identify {unknown}
 j - 2 scrolls of teleportation {unknown}
 k - a scroll of noise {unknown}
 l - 3 scrolls of blinking {unknown}
 p - 2 scrolls of enchant weapon {unknown}
 u - 3 scrolls of amnesia {unknown}
 A - a scroll of brand weapon {unknown}
Potions
 c - a potion of agility {unknown}
 g - 3 potions of flight {unknown}
 h - a potion of cancellation {unknown}
 m - 3 potions of curing
 n - a potion of magic {unknown}
 o - 2 potions of mutation {unknown}
 r - 4 potions of might {unknown}
 s - 5 potions of brilliance {unknown}
 v - a potion of degeneration {unknown}
 z - a potion of heal wounds {unknown}
Comestibles
 b - 15 rations
 B - 6 chunks of flesh


   Skills:
 + Level 7.2(12.2) Fighting
 + Level 7.2(12.2) Dodging
 - Level 1.0(6.0) Stealth
 + Level 8.8(13.8) Unarmed Combat


You had 8 spell levels left.
You didn't know any spells.

Dungeon Overview and Level Annotations

Branches:
Dungeon (8/15)             Temple (1/1) D:6
   Lair: D:8-11

Altars:
Cheibriados
Dithmenos
Elyvilon
Gozag
Hepliaklqana
Kikubaaqudgha
Nemelex Xobeh
Okawaru
Sif Muna
Vehumet
Wu Jian

Shops:
D:5 :[%   D:7 }


Innate Abilities, Weirdness & Mutations

You are too large for most types of armour.
You have claws for hands.
Your metabolism is lightning-fast.
You like to eat raw meat.
Your natural rate of healing is unusually fast.
You are covered in fur. (AC +1)
You have very tough skin. (AC +2)


Message History

The hippogriff claws you.
* * * LOW HITPOINT WARNING * * *
You barely miss the hippogriff.
The hippogriff is lightly wounded.
You scratch the hippogriff.
The hippogriff is lightly wounded.
The hippogriff misses you.
The hippogriff pecks you but does no damage.
The hippogriff closely misses you.
You claw the hippogriff!
The hippogriff is heavily wounded.
The hippogriff barely misses you. The hippogriff pecks you.
* * * LOW HITPOINT WARNING * * *
The hippogriff barely misses you.
You mangle the hippogriff!!
The hippogriff is almost dead.
The hippogriff bites you.
* * * LOW HITPOINT WARNING * * *
The hippogriff pecks you.
You die...

..#.....####..####.#
..#.....# ##..# #.#
..####..# #..# #.# ..#
#..# ##.###.# ..# #..#
#..##.# ..# #..# #..##.#
..####..#######.##.#
...........(..[.H#.#
.####.....#####)@#.#
#.........'..##).#.#
....#.....##.##..#.#
....#.....##.....#.#
....#.....####...#.#####
....#.....# #.........#
....#.....# #..#...#..##
....#..)..# #.###.###..#
....####### #..#...#...#


You could see a hippogriff.

Vanquished Creatures
  A troll (D:8)
  A hippogriff (D:7)
  The ghost of Curus the Cudgeler, an amateur GrFi (D:4)
  Duvessa (D:5)
  A sky beast (D:4)
  3 orc warriors
  2 ice beasts (D:7)
  A phantom (D:6)
  A centaur (D:6)
  4 bullfrogs
  Dowan (D:4)
  A wyvern zombie (D:7)
  A jelly (D:6)
  2 scorpions
  3 killer bees (D:7)
  3 wights (D:7)
  The ghost of Soeti the Shield-Bearer, a weakling OpFi (D:3)
  2 howler monkeys
  3 vampire bats (D:4)
  3 crimson imps
  A bullfrog zombie (D:7)
  2 bullfrog skeletons
  9 hounds
  5 orc priests
  4 orc wizards
  Jessica (D:3)
  Natasha (thrice) (D:3)
  3 worker ants
  A hound zombie (D:6)
  2 worker ant zombies
  A gnoll (D:3)
  6 adders
  A shadow imp (D:6)
  An adder skeleton (D:6)
  An adder zombie (D:7)
  3 worms
  2 dart slugs (D:2)
  4 leopard geckos
  33 orcs
  A bat skeleton (D:4)
  5 bat zombies (D:4)
  2 giant cockroaches
  6 goblins
  6 hobgoblins
  6 jackals
  5 kobolds
  6 quokkas
  2 ball pythons
  8 bats
  6 frilled lizards
  A leopard gecko skeleton (D:7)
  A leopard gecko zombie (D:7)
  4 rats (D:1)
178 creatures vanquished.

Notes
Turn   | Place    | Note
-------+----------+-------------------------------------------
     0 | D:1      | galech the Troll Monk began the quest for the Orb.
     0 | D:1      | Reached XP level 1. HP: 22/22 MP: 0/0
    99 | D:1      | Reached XP level 2. HP: 29/29 MP: 1/1
   759 | D:2      | Reached XP level 3. HP: 34/36 MP: 2/2
  1375 | D:2      | Reached XP level 4. HP: 41/45 MP: 3/3
  1567 | D:3      | Noticed Soeti's ghost (weakling OpFi)
  1580 | D:3      | Killed Soeti's ghost
  1580 | D:3      | Reached skill level 4 in Unarmed Combat
  1609 | D:3      | Reached XP level 5. HP: 50/53 MP: 4/4
  1676 | D:3      | Noticed Natasha
  1687 | D:3      | Killed Natasha
  1728 | D:3      | Found a white marble altar of Elyvilon.
  1817 | D:3      | Noticed Jessica
  1823 | D:3      | Killed Jessica
  1823 | D:3      | Reached XP level 6. HP: 59/62 MP: 5/5
  1862 | D:3      | Noticed Natasha
  1872 | D:3      | Killed Natasha
  1997 | D:3      | Noticed Natasha
  2004 | D:3      | Killed Natasha
  2578 | D:4      | Noticed Curus's ghost (amateur GrFi)
  2584 | D:4      | Killed Curus's ghost
  2584 | D:4      | Reached skill level 5 in Unarmed Combat
  2584 | D:4      | Reached XP level 7. HP: 63/71 MP: 6/6
  2880 | D:4      | Found an ancient bone altar of Kikubaaqudgha.
  3018 | D:5      | Entered Level 5 of the Dungeon
  3030 | D:5      | Reached skill level 6 in Unarmed Combat
  3033 | D:5      | Noticed Duvessa
  3036 | D:5      | Noticed Dowan
  3107 | D:4      | Reached skill level 5 in Fighting
  3107 | D:4      | Reached skill level 5 in Dodging
  3107 | D:4      | Reached XP level 8. HP: 54/80 MP: 7/7
  3216 | D:5      | Killed Duvessa
  3231 | D:4      | Killed Dowan
  3335 | D:5      | Found Syipeci's Food Shop.
  3339 | D:5      | Found Viussol's Armour Emporium.
  3343 | D:5      | Found Lar Qano's Book Shoppe.
  3803 | D:6      | Identified the Handbook of the Badger
  3820 | D:6      | Reached skill level 7 in Unarmed Combat
  4336 | D:6      | Found a staircase to the Ecumenical Temple.
  4419 | D:6      | Reached XP level 9. HP: 89/89 MP: 8/8
  4473 | Temple   | Entered the Ecumenical Temple
  4483 | Temple   | Became a worshipper of Warmaster Okawaru
  4483 | Temple   | Reached * piety under Okawaru
  4483 | Temple   | Reached ** piety under Okawaru
  4800 | D:7      | Found a radiant altar of Vehumet.
  4833 | D:7      | Reached skill level 8 in Unarmed Combat
  5060 | D:6      | Found a shadowy altar of Dithmenos.
  5081 | D:7      | Found Rimeyx's Gadget Shop.
  5381 | D:8      | Reached *** piety under Okawaru
  5530 | D:8      | Noticed a troll
  5537 | D:8      | Killed a troll
  5663 | D:7      | HP: 3/93 [hippogriff (4)]
  5663 | D:7      | Slain by a hippogriff

Vault maps used:
D:1:      dpeg_arrival_short_road
D:2:      minmay_wonky_spiral
D:3:      elyvilon_altar_5, first_ration, cheibrodos_gnoll_hut, uniq_jessica,
          uniq_natasha
D:4:      kennysheep_vampire_church
D:5:      serial_shops, shop, nicolae_shop_stone, shop_coins, uniq_duvessa
D:6:      nicolae_overflow_hidden_temple, kennysheep_generic_room_11
D:7:      vehumet_crystals, serial_shops, shop, kennysheep_generic_room_8
D:8:      lemuel_round_altar, uniq_grum
Temple:   eino_temple_rhombus

Skill      XL: |  1  2  3  4  5  6  7  8  9 |
---------------+----------------------------+-----
Dodging        | 3 4 5 6 7 |  7.2
Fighting       | 3 4 5 6 7 |  7.2
Unarmed Combat | 4 5 6 7 8 |  8.8
Stealth        | |  1.0

Action                   |  1- 3 |  4- 6 |  7- 9 || total
-------------------------+-------+-------+-------++-------
Melee: Unarmed           |   130 |   109 |   348 ||   587
       Punch             |     1 |     3 |    15 ||    19
Invok: Heroism           |       |       |     1 ||     1
 Stab: Sleeping          |     2 |     5 |     4 ||    11
       Distracted        |       |       |     2 ||     2
  Eat: Chunk             |    18 |    11 |    28 ||    57
Armor: Robe              |    50 |    36 |   109 ||   195
Dodge: Dodged            |    70 |    48 |   243 ||   361

Table legend:
 A = Spawn XP
 B = Non-spawn XP
 C = Spawn XP percentage of total XP
 D = Spawn monster count
 E = Non-spawn monster count
 F = Spawn count percentage of total count
 G = Total turns spent on level
                    A         B        C        D         E        F      G
               +---------+---------+-------+---------+---------+-------+---------
         Total |       0 |    5042 |   0.0 |       0 |     178 |   0.0 |  5663
               +---------+---------+-------+---------+---------+-------+---------
           D:1 |       0 |      33 |   0.0 |       0 |      22 |   0.0 |   711
           D:2 |       0 |      86 |   0.0 |       0 |      25 |   0.0 |   849
           D:3 |       0 |     399 |   0.0 |       0 |      25 |   0.0 |   693
           D:4 |       0 |     874 |   0.0 |       0 |      22 |   0.0 |   922
           D:5 |       0 |     582 |   0.0 |       0 |      15 |   0.0 |   440
           D:6 |       0 |     841 |   0.0 |       0 |      21 |   0.0 |   991
           D:7 |       0 |    1487 |   0.0 |       0 |      29 |   0.0 |   711
           D:8 |       0 |     740 |   0.0 |       0 |      19 |   0.0 |   325
               +---------+---------+-------+---------+---------+-------+---------
